 Dungeon Crawl Stone Soup version 0.17-a0-1910-g4c791fa (webtiles) character file.

259 ololoev the Chopper (level 6, 0/56 HPs)
             Began as a Hill Orc Fighter on Sept 25, 2015.
             Slain by an orc
             ... wielding a +0 trident
              (5 damage)
             ... on level 3 of the Dungeon.
             The game lasted 00:03:16 (468 turns).

ololoev the Chopper (Hill Orc Fighter)               Turns: 468, Time: 00:03:16

Health: 0/56       AC: 12    Str: 21    XL:     6   Next: 17%
Magic:  6/6        EV:  6    Int:  8    God:
Gold:   58         SH:  0    Dex: 10    Spells: 0 memorised, 5 levels left

rFire  . . .     SeeInvis .     a - +0 war axe
rCold  . . .     Clarity  .     k - +0 plate armour
rNeg   . . .     SustAt   .     (no shield)
rPois  .         Gourm    .     (no helmet)
rElec  .         Spirit   .     (no cloak)
rCorr  .         Warding  .     (no gloves)
rMut   .         Stasis   .     (no boots)
MR     .....                    (no amulet)
Stlth  ..........               (no ring)
                                (no ring)

@: confused, not resistant to hostile enchantments, extremely unstealthy
A: no striking features
a: no special abilities

Inventory:

Hand weapons
 a - a +0 war axe (weapon)
Armour
 k - a +0 plate armour (worn)
Scrolls
 c - a scroll of blinking {unknown}
 g - a scroll of magic mapping {unknown}
Potions
 f - 2 potions of mutation {unknown}
 h - a potion of flight {unknown}
 i - a potion of resistance {unknown}
 j - a potion of cure mutation {unknown}
 l - a potion of heal wounds {unknown}
Comestibles
 b - 3 chunks of flesh
 e - a bread ration


   Skills:
 + Level 5.0 Fighting
 * Level 6.2 Axes
 + Level 4.6 Armour
   Level 3.2 Shields


You had 5 spell levels left.
You didn't know any spells.


You were on level 3 of the Dungeon.
You were not hungry.

You visited 1 branch of the dungeon, and saw 3 of its levels.

You collected 58 gold pieces.

#.# #.# #.# #.# #.#
#.#
###########o########
#........@{.........
#.########o..######
#.# #.....# ####.#
##...## #....# ##.##
#.#### #.# #.# #.#
#.# ##+## #.###
##...##

Notes
Turn   | Place    | Note
--------------------------------------------------------------
     0 | D:1      | ololoev the Hill Orc Fighter began the quest for the Orb.
     0 | D:1      | Reached XP level 1. HP: 19/19 MP: 1/1
   137 | D:1      | Reached XP level 2. HP: 20/27 MP: 2/2
   297 | D:3      | Reached skill level 4 in Axes
   297 | D:3      | Reached XP level 3. HP: 28/33 MP: 3/3
   384 | D:3      | Noticed Grinder
   388 | D:3      | Paralysed by Grinder for 5 turns
   427 | D:3      | Paralysed by Grinder for 2 turns
   430 | D:3      | Killed Grinder
   430 | D:3      | Reached skill level 5 in Fighting
   430 | D:3      | Reached skill level 6 in Axes
   430 | D:3      | Reached XP level 4. HP: 23/42 MP: 4/4
   430 | D:3      | Reached XP level 5. HP: 26/48 MP: 5/5
   430 | D:3      | Reached XP level 6. HP: 30/56 MP: 6/6
   468 | D:3      | Slain by an orc

Dungeon Overview and Level Annotations

Branches:
Dungeon (3/15)

Altars:


Message History

The orc is almost dead.
The orc barely misses you.
You hear some strange, mumbled words.
A magic dart appears from out of thin air!
The magic dart hits you! The orc barely misses you.
Unknown command.
You miss something.
Your plate armour prevents you from hitting the orc.
The orc is almost dead.
The orc hits you with a short sword. Something hits you but does no damage.
The orc hits you but does no damage.
Unknown command.
You miss something. You hit the orc but do no damage.
The orc is almost dead.
The orc hits you with a short sword. Something hits you but does no damage.
The orc hits you but does no damage. The orc barely misses you.
Something hits you but does no damage.
Unknown command.
You miss something.
Your plate armour prevents you from hitting the orc.
The orc is severely wounded.
The orc barely misses you. The orc hits you but does no damage.
Something hits you but does no damage.
You miss something. You closely miss the orc.
The orc is severely wounded.
You hear some strange, mumbled words.
You are confused.
The orc closely misses you. The orc barely misses you.
Unknown command.
You hit the orc but do no damage.
The orc is severely wounded.
You closely miss something. The orc barely misses you.
Something hits you but does no damage.
The orc hits you from afar with a trident.
Unknown command.
You bump into the rock wall.
The orc hits you with a short sword.
You hear some strange, mumbled words.
You are more confused.
The orc hits you from afar with a trident.
You die...

You could see 2 orcs.

Vanquished Creatures
  Grinder (D:3)
  An orc priest (D:3)
  An adder (D:2)
  An ooze (D:2)
  A worm (D:3)
  An orc (D:3)
  A bat (D:3)
  4 kobolds
  2 giant cockroaches
  2 goblins (D:2)
  5 rats
20 creatures vanquished.

Action                   |  1- 3 |  4- 6 || total
-------------------------+-------+-------++-------
Melee: War axe           |    41 |    18 ||    59
  Use: Potion            |     1 |       ||     1

Vault maps used:
D:1:      dpeg_arrival_morbid_curiosity, minmay_statues_item,
          minmay_misc_feat_pillars
D:2:      okawaru_metal_pillars_3
D:3:      first_bread, uniq_grinder
